 Dungeon Crawl Stone Soup version 0.28-b1-1-g3c77fb2ed1 (webtiles) character file.

Game seed: 15844456467905184419

169115 rocky1 the Peltast (level 17, 0/167 HPs)
             Began as a Minotaur Fighter on Jan 31, 2022.
             Was the Champion of Okawaru.
             Killed by divine providence
             ... invoked by a meliai
              (15 damage)
             ... on level 3 of the Spider Nest.
             The game lasted 02:00:25 (43569 turns).

rocky1 the Peltast (Minotaur Fighter)              Turns: 43569, Time: 02:00:27

Health: 0/167      AC: 25    Str: 24      XL:     17   Next: 34%
Magic:  16/23      EV: 14    Int:  7      God:    Okawaru [******]
Gold:   750        SH: 16    Dex: 12 (13) Spells: 16/16 levels left

rFire   + . .      SeeInvis +   x - +9 broad axe (freeze)
rCold   . . .      Faith    .   A - +2 kite shield
rNeg    . . .      Spirit   .   U - +1 scale mail {rPois}
rPois   +          Reflect  .   L - +2 hat
rElec   .          Harm     .   W - +2 cloak {rCorr}
rCorr   +          Rampage  .   O - +2 pair of gloves {infuse}
Will    +....                   (no boots)
Stlth   ..........              S - amulet of regeneration
HPRegen 1.17/turn               s - ring of protection from fire
MPRegen 0.18/turn               k - +4 ring of protection

@: studying 2 skills
A: horns 2, retaliatory headbutt, iridescent scales 1, see invisible, robust 1,
screaming 1
a: Renounce Religion, Heroism, Finesse, Duel


You were on level 3 of the Spider Nest.
You worshipped Okawaru.
Okawaru was exalted by your worship.
You visited 5 branches of the dungeon, and saw 28 of its levels.
You also visited: Sewer and Ice Cave.

You collected 2990 gold pieces.
You spent 2240 gold pieces at shops.

Inventory:

Hand Weapons
 m - a +2 vorpal morningstar
 p - a +4 scimitar of flaming
 x - a +9 broad axe of freezing (weapon)
Missiles
 t - 3 javelins
 y - 11 curare-tipped darts (quivered)
 z - 31 boomerangs
Armour
 n - the +5 kite shield "Deara" {Rampage rC- Str+3 Slay+2}
   (You found it on level 12 of the Dungeon)

   Str:       It affects your strength (+3).
   Slay:      It affects your accuracy & damage with ranged weapons and melee
   (+2).
   rC:        It makes you vulnerable to cold.
   Rampage:   It bestows one free step when moving towards enemies.
 v - a +2 chain mail of willpower
 A - a +2 kite shield (worn)
 J - the +11 plate armour "Aggaomm" {rF+ Int+3}
   (Okawaru gifted it to you on level 2 of the Spider Nest)

   Int:       It affects your intelligence (+3).
   rF:        It protects you from fire.
 L - a +2 hat (worn)
 O - a +2 pair of gloves of infusion (worn)
 U - a +1 scale mail of poison resistance (worn)
 W - a +2 cloak of preservation (worn)
Jewellery
 k - a +4 ring of protection (right hand)
 s - a ring of protection from fire (left hand)
 S - an amulet of regeneration (around neck)
Wands
 b - a wand of digging (5)
 f - a wand of iceblast (3)
 g - a wand of acid (7)
 j - a wand of mindburst (7)
 F - a wand of paralysis (7)
 T - a wand of flame (32)
 V - a wand of polymorph (11)
Scrolls
 c - 2 scrolls of brand weapon {unknown}
 d - 4 scrolls of immolation
 e - 2 scrolls of magic mapping
 q - 2 scrolls of fear
 r - 15 scrolls of teleportation
 B - 3 scrolls of fog
 H - a scroll of holy word
 M - 2 scrolls of silence
 X - 4 scrolls of blinking
 Y - 3 scrolls of identify
Potions
 a - 3 potions of lignification
 h - 2 potions of heal wounds
 i - 6 potions of mutation
 l - 13 potions of curing
 o - 3 potions of might
 u - 7 potions of haste
 w - 3 potions of invisibility
 C - 4 potions of cancellation
 D - 8 potions of magic
 E - a potion of brilliance
 G - 2 potions of ambrosia
 K - 3 potions of flight
 Q - 3 potions of resistance
 R - 5 potions of attraction
 Z - a potion of berserk rage


   Skills:
 - Level 14.3 Fighting
 - Level 4.1 Long Blades
 - Level 15.9(18.0) Axes
 - Level 14.0(17.0) Maces & Flails
 + Level 13.6 Armour
 + Level 11.1 Dodging
 - Level 17.5 Shields
 - Level 10.0 Invocations
 - Level 12.0 Evocations


You had 16 spell levels left.
You didn't know any spells.
Your spell library contained the following spells:

 Spells                   Type           Power      Damage    Failure   Level
 Magic Dart               Conj           0%         1d3       80%         1
 Pain                     Necr           0%         1d4       80%         1
 Corpse Rot               Necr/Air       0%         N/A       91%         2
 Scorch                   Fire           0%         2d5       91%         2
 Sublimation of Blood     Necr           0%         N/A       91%         2
 Wereblood                Tmut           0%         N/A       91%         2
 Dazzling Flash           Conj/Hex       0%         N/A       99%         3
 Frozen Ramparts          Ice            0%         1d2       99%         3
 Ozocubu's Armour         Ice            0%         N/A       99%         3
 Dispel Undead            Necr           0%         3d6       100%        4
 Flame Wave               Conj/Fire      0%         2d4       100%        4
 Ice Form                 Ice/Tmut       0%         N/A       100%        4
 Iskenderun's Mystic Bla  Conj/Tloc      0%         2d3       100%        4
 Agony                    Necr           0%         N/A       100%        5
 Borgnjor's Vile Clutch   Necr/Erth      0%         N/A       100%        5
 Excruciating Wounds      Necr           0%         N/A       100%        5
 Metabolic Englaciation   Hex/Ice        0%         N/A       100%        5
 Silence                  Hex/Air        0%         N/A       100%        5
 Conjure Ball Lightning   Conj/Air       0%         3x3d6     100%        6
 Starburst                Conj/Fire      0%         6d3       100%        6
 Storm Form               Tmut/Air       0%         N/A       100%        7
 Maxwell's Capacitive Co  Air            0%         ∞         100%        8
 Call Imp                 Summ           Unusable   N/A       N/A         2
 Animate Armour           Summ/Erth      Unusable   N/A       N/A         4
 Animate Dead             Necr           Unusable   N/A       N/A         4
 Summon Ice Beast         Ice/Summ       Unusable   N/A       N/A         4
 Summon Lightning Spire   Summ/Air       Unusable   N/A       N/A         4
 Death Channel            Necr           Unusable   N/A       N/A         6
 Simulacrum               Ice/Necr       Unusable   N/A       N/A         6
 Summon Cactus Giant      Summ           Unusable   N/A       N/A         6
 Malign Gateway           Summ/Tloc      Unusable   N/A       N/A         7
 Summon Hydra             Summ           Unusable   N/A       N/A         7

Dungeon Overview and Level Annotations

Branches:
Dungeon (15/15)            Temple (1/1) D:4            Lair (6/6) D:8
  Swamp (0/4) Lair:4       Spider (4/4) Lair:3        Slime (0/5) Lair:5
    Orc (2/2) D:10            Elf (0/3) Orc:2        Vaults (0/5) D:13
 Depths (0/4) D:15          Sewer (visited)           IceCv (visited)

Altars:
Ashenzari
Cheibriados
Dithmenos
Elyvilon
Fedhas
Gozag
Hepliaklqana
Kikubaaqudgha
Makhleb
Nemelex Xobeh
Okawaru
Qazlal
Ru
Sif Muna
Trog
Uskayaw
Vehumet
Wu Jian
Xom
Yredelemnul
Zin
The Shining One
Beogh
Jiyva

Shops:
D:3 (   D:9 [   D:14 [!((   Orc:1 ?=[   Orc:2 (:[*

Portals:
Trove: D:15 (give 7 potions of haste)

Annotations:
Lair:1 exclusion: oklob plant
Lair:2 3 runed translucent doors, Ekaitz's ghost, journeyman DsNe
Lair:4 2 transporters, Xyudeake's ghost, journeyman DEFE
Lair:5 exclusion: oklob plant
Spider:4 Louise


Innate Abilities, Weirdness & Mutations

You have a pair of horns on your head.
You reflexively headbutt those who attack you in melee.
You are partially covered in iridescent scales. (AC +2)
You have supernaturally acute eyesight. (SInv)
You are robust. (+10% HP)
You occasionally shout uncontrollably at your foes.


Message History

The bolt of energy hits you!!
A redback comes into view.
You feel your strength returning.
You can't go down here!
The orb of destruction hits you!!!
* * * LOW HITPOINT WARNING * * *
You block the meliai's attack.
The meliai stings you but does no damage.
You block the meliai's attack.
The meliai stings you but does no damage.
The redback closely misses you. The meliai hits you but does no damage.
The meliai barely misses you.
The meliai invokes the aid of its god against you.
Something smites you!
* * * LOW HITPOINT WARNING * * *
You block Louise's attack. The redback bites you.
* * * LOW HITPOINT WARNING * * *
The redback bites you but does no damage.
The meliai buzzes angrily.
You climb upwards.
There is a stone staircase leading down, spattered with blood here.
You are too injured to fight recklessly!
Unknown command.
You slice the redback!! You freeze the redback!
You kill the redback!
Okawaru accepts your kill.
You closely miss the meliai. You slash the meliai! You freeze the meliai.
The meliai mumbles some strange prayers to its god against you.
Something smites you!
* * * LOW HITPOINT WARNING * * *
You block the meliai's attack. x3
The meliai stings you but does no damage.
You slash the meliai! You freeze the meliai.
You kill the meliai!
Okawaru accepts your kill.
You slash the meliai! You freeze the meliai. The meliai completely misses you.
You block the meliai's attack.
The meliai calls down the wrath of its god upon you.
Something smites you!
You die...

##### ##.#.##
#...^.####
##....#..#
####^..##
###..#....##
#....^.....#
####........###
#..##...y@^##.#
#...#^..####..#
##.....###....#
##.....^#^.####
##........#..#
##.......#..## #
#####..^.##...#
#
##........#....#
#
#......#..#....#


You could see a meliai.

Vanquished Creatures
  Arachne (Spider:3)
  Asterion (Spider:3)
  The ghost of Vubreenic the Markscentaur, an adept CeHu of Okawaru (Spider:1)
  Gastronok (D:11)
  Agnes (Spider:3)
  3 frost giants (IceCv)
  A deep elf sorcerer (D:14)
  2 ghost moths (Spider:3)
  An emperor scorpion (Spider:3)
  A broodmother (Spider:2)
  Azrael (Spider:3)
  7 entropy weavers
  A white draconian (IceCv)
  The ghost of snackwell the Grappler, a journeyman TrMo of Hepliaklqana (D:11)
  3 spark wasps
  Josephine (Orc:1)
  Snorg (D:11)
  3 fire dragons
  Fannar (D:11)
  2 centaur warriors
  13 hydras
  A radroach (Spider:1)
  An ogre mage (D:13)
  6 ice dragons (IceCv)
  2 jorogumos (Spider:1)
  6 boulder beetles
  7 ironbound frosthearts (IceCv)
  6 death yaks
  8 two-headed ogres
  3 tengu warriors
  2 deep elf knights
  A sun moth (Spider:2)
  5 pharaoh ants
  9 orb spiders
  4 steelbarb worms
  A bog body (Lair:4)
  An orange crystal statue (IceCv)
  A lindwurm (Lair:5)
  9 orc knights
  A swamp dragon (Lair:6)
  2 deep elf zephyrmancers
  13 wolf spiders
  An orc sorcerer (Orc:1)
  4 ugly things (IceCv)
  3 cyclopes
  3 deep elf pyromancers
  A moth of wrath (shapeshifter) (D:14)
  3 manticores
  A moth of wrath (Spider:1)
  Maurice (Orc:1)
  19 elephants
  5 black mambas
  3 gargoyles
  4 torpor snails
  9 cane toads
  3 kobold demonologists
  6 demonic crawlers
  5 efreet
  2 freezing wraiths
  13 rime drakes
  16 komodo dragons
  2 queen bees
  5 trolls
  2 hornets
  21 meliai
  8 polar bears
  11 dream sheep (Lair:5)
  A wolf spider simulacrum (D:15)
  6 tarantellas
  12 slime creatures
  A tarantella (shapeshifter) (D:14)
  16 blink frogs
  24 jumping spiders
  A centaur simulacrum (D:14)
  13 culicivoras
  5 shadows
  7 wraiths
  3 wyverns (Lair:3)
  33 yaks
  4 fire bats (D:10)
  6 fire elementals (Spider:3)
  54 redbacks
  6 vampire mosquitoes
  6 basilisks
  3 steam dragons
  2 swamp worms (Lair:4)
  3 wargs
  5 acid dragons
  3 hell hounds
  13 water moccasins
  Duvessa (D:5)
  3 ice beasts
  4 sky beasts
  A hornet zombie (D:5)
  39 orc warriors
  A black bear (D:7)
  3 swamp drakes (Lair:6)
  6 necrophages
  An ogre (D:13)
  A centaur (shapeshifter) (D:14)
  22 centaurs
  10 wolves
  A phantom (D:5)
  14 kobold brigands
  9 bullfrogs
  A gnoll sergeant (D:7)
  2 wyvern zombies (D:9)
  A scorpion (D:4)
  A water moccasin zombie (D:5)
  A wyvern skeleton (D:7)
  Dowan (D:5)
  A water moccasin skeleton (D:7)
  45 killer bees
  8 wights (D:9)
  4 electric eels
  7 howler monkeys
  2 lava snakes (D:10)
  6 centaur zombies
  3 hounds
  A jelly (D:5)
  13 orc priests
  Crazy Yiuf (D:7)
  A bullfrog skeleton (D:5)
  2 gnoll shamans
  14 orc wizards
  9 iguanas
  12 hell rats
  A hound skeleton (D:4)
  3 howler monkey zombies (D:9)
  A mummy (D:9)
  3 howler monkey skeletons
  8 adders
  27 gnolls
  10 river rats
  2 shadow imps
  An ufetubus (D:5)
  2 worms
  2 dart slugs
  103 orcs
  3 endoplasms
  8 giant cockroaches
  2 goblins
  5 hobgoblins
  13 jackals
  27 kobolds
  2 quokkas
  9 ball pythons
  6 bats
  5 frilled lizards
  23 rats
  A butterfly (Lair:4)
  2 fire vortices (D:10)
1035 creatures vanquished.

Vanquished Creatures (others)
  An orb spider (Spider:3)
  A meliai (D:13)
  A redback (Spider:3)
  A killer bee (D:12)
  A fire vortex (D:10)
  29 fungi
  87 plants
  2 withered plants (D:9)
123 creatures vanquished.

Grand Total: 1158 creatures vanquished

Notes
Turn   | Place    | Note
-------+----------+-------------------------------------------
     0 | D:1      | rocky1 the Minotaur Fighter began the quest for the Orb.
     0 | D:1      | Reached XP level 1. HP: 19/19 MP: 0/0
   177 | D:1      | Reached skill level 4 in Shields
   177 | D:1      | Reached XP level 2. HP: 26/26 MP: 1/1
   352 | D:1      | Found a faded altar of an unknown god.
  1076 | D:2      | Reached XP level 3. HP: 29/31 MP: 2/2
  1924 | D:3      | Found Ferud's Antique Weapon Boutique.
  2179 | D:3      | Found a shadowy altar of Dithmenos.
  2816 | D:4      | Noticed a scorpion
  2828 | D:4      | Killed a scorpion
  2829 | D:4      | Reached skill level 5 in Maces & Flails
  2829 | D:4      | Reached XP level 4. HP: 28/39 MP: 3/3
  2835 | D:4      | Reached XP level 5. HP: 21/45 MP: 4/4
  3117 | D:4      | Got the Volume of Summoning
  3354 | D:4      | Found a staircase to the Ecumenical Temple.
  3583 | Temple   | Entered the Ecumenical Temple
  3771 | Temple   | Became a worshipper of Warmaster Okawaru
  4054 | D:5      | Entered Level 5 of the Dungeon
  4069 | D:5      | Noticed a phantom
  4092 | D:5      | Killed a phantom
  4093 | D:5      | Reached XP level 6. HP: 42/51 MP: 5/5
  4213 | D:5      | Noticed Dowan
  4220 | D:5      | Noticed Duvessa
  4307 | D:4      | Reached * piety under Okawaru
  4313 | D:4      | Reached XP level 7. HP: 43/57 MP: 6/6
  4583 | D:5      | Reached skill level 10 in Maces & Flails
  4692 | D:5      | Found a broken altar of Ashenzari.
  4932 | D:5      | Killed Duvessa
  4932 | D:5      | Reached ** piety under Okawaru
  4949 | D:5      | Killed Dowan
  4950 | D:5      | Reached XP level 8. HP: 27/64 MP: 7/7
  6528 | D:6      | Found a glowing drain.
  6559 | D:6      | Reached skill level 1 in Invocations
  6569 | Sewer    | Entered a sewer
  7598 | D:6      | Reached XP level 9. HP: 64/71 MP: 8/8
  8286 | D:7      | HP: 3/71 [orc (4)]
  8638 | D:7      | Reached *** piety under Okawaru
  8961 | D:7      | Reached skill level 1 in Dodging
  9082 | D:7      | Reached skill level 1 in Evocations
  9150 | D:7      | Found a runed translucent door.
  9151 | D:7      | Noticed Crazy Yiuf
 10079 | D:7      | Killed Crazy Yiuf
 10230 | D:3      | Bought a runed flail for 169 gold pieces
 10366 | D:8      | Found a staircase to the Lair.
 10402 | Lair:1   | Entered Level 1 of the Lair of Beasts
 10592 | Lair:1   | Gained mutation: You occasionally shout uncontrollably at
                  | your foes. [potion of mutation]
 10592 | Lair:1   | Gained mutation: You have supernaturally acute eyesight.
                  | (SInv) [potion of mutation]
 10592 | Lair:1   | Gained mutation: You are robust. (+10% HP) [potion of
                  | mutation]
 10592 | Lair:1   | Gained mutation: You are partially covered in iridescent
                  | scales. (AC +2) [potion of mutation]
 10691 | Lair:1   | Reached skill level 5 in Fighting
 10707 | Lair:1   | Reached **** piety under Okawaru
 10708 | Lair:1   | Reached skill level 5 in Armour
 11109 | Lair:1   | Reached XP level 10. HP: 81/91 MP: 11/11
 11318 | Lair:1   | Noticed an oklob plant
 11906 | Lair:2   | Noticed a five-headed hydra
 11916 | Lair:2   | Killed a five-headed hydra
 12133 | Lair:2   | Reached ***** piety under Okawaru
 12450 | Lair:2   | Noticed a cane toad
 12460 | Lair:2   | Killed a cane toad
 12461 | Lair:2   | Reached skill level 5 in Dodging
 12603 | Lair:2   | Noticed a cane toad
 12612 | Lair:2   | Killed a cane toad
 12613 | Lair:2   | Reached skill level 5 in Invocations
 12760 | Lair:2   | Noticed a six-headed hydra
 12785 | Lair:2   | Killed a six-headed hydra
 12788 | Lair:2   | Noticed an elephant
 12795 | Lair:2   | Noticed an elephant
 12804 | Lair:2   | Killed an elephant
 12808 | Lair:2   | Noticed an elephant
 12814 | Lair:2   | Reached XP level 11. HP: 60/103 MP: 12/14
 12850 | Lair:2   | Reached skill level 5 in Evocations
 13462 | Lair:2   | Found a runed translucent gate.
 13462 | Lair:2   | Found a runed translucent gate.
 13462 | Lair:2   | Found a runed translucent gate.
 13462 | Lair:2   | Noticed Ekaitz's ghost (journeyman DsNe)
 13463 | Lair:2   | Found a viscous altar of Jiyva.
 13463 | Lair:2   | Noticed a great orb of eyes
 13658 | Lair:2   | Received a gift from Okawaru
 13945 | Lair:3   | Found a hole to the Spider Nest.
 14112 | Lair:3   | Noticed a six-headed hydra
 14142 | Lair:3   | Killed a six-headed hydra
 16120 | Lair:4   | Noticed a five-headed hydra
 16120 | Lair:4   | Noticed a four-headed hydra
 16169 | Lair:3   | Identified the +9 great mace "Upsoadob" {holy, +Blink}
                  | (Okawaru gifted it to you on level 3 of the Lair of Beasts)
 16169 | Lair:3   | Received a gift from Okawaru
 16170 | Lair:3   | Reached XP level 12. HP: 112/115 MP: 16/16
 16182 | Lair:4   | Killed a four-headed hydra
 16258 | Lair:4   | Killed a five-headed hydra
 16394 | Lair:4   | Noticed a four-headed hydra
 16407 | Lair:4   | Killed a four-headed hydra
 16821 | Lair:4   | Reached skill level 10 in Fighting
 17061 | Lair:4   | Found a staircase to the Swamp.
 17063 | Lair:4   | You fall into a shaft and drop 1 floor!
 17081 | Lair:5   | Reached skill level 10 in Armour
 17087 | Lair:5   | Received a gift from Okawaru
 17163 | Lair:5   | Received a gift from Okawaru
 17175 | Lair:5   | Noticed a death yak
 17212 | Lair:5   | Killed a death yak
 17742 | Lair:5   | Reached XP level 13. HP: 85/127 MP: 18/18
 18329 | Lair:5   | Found a staircase to the Slime Pits.
 19844 | Lair:4   | Found a transporter.
 19851 | Lair:4   | Noticed Xyudeake's ghost (journeyman DEFE)
 19858 | Lair:4   | Found a transporter.
 19866 | Lair:4   | Found a bloodstained altar of Trog.
 20395 | Lair:6   | Entered Level 6 of the Lair of Beasts
 21015 | Lair:5   | Received a gift from Okawaru
 21457 | Lair:6   | Reached skill level 10 in Evocations
 22360 | Lair:6   | Reached skill level 1 in Axes
 22565 | Lair:6   | Reached XP level 14. HP: 120/138 MP: 17/19
 23117 | Lair:6   | Identified the -6 pair of boots "Huwny" {Harm rC+ Str+3}
 23353 | Lair:6   | Reached skill level 5 in Axes
 24496 | D:9      | Found Qiokh's Armour Shop.
 24505 | D:9      | Identified the +0 robe of Wonderful Freedom {rF+ Will-
                  | Int+2} (Okawaru gifted it to you on level 9 of the Dungeon)
 24505 | D:9      | Received a gift from Okawaru
 25412 | D:10     | Entered Level 10 of the Dungeon
 25706 | D:10     | Found a staircase to the Orcish Mines.
 25894 | D:10     | Identified the +0 trident "Fyirac" {vorpal, *Noise Will+++
                  | Str+6}
 26691 | Orc:1    | Entered Level 1 of the Orcish Mines
 26691 | Orc:1    | Noticed Josephine
 26691 | Orc:1    | Found Jisostryo's Magic Scroll Shop.
 26796 | Orc:1    | Killed Josephine
 26955 | Orc:1    | Bought a scroll of identify for 28 gold pieces
 26955 | Orc:1    | Bought a scroll of enchant armour for 105 gold pieces
 26955 | Orc:1    | Bought a scroll of identify for 28 gold pieces
 26955 | Orc:1    | Bought a scroll of blinking for 105 gold pieces
 26955 | Orc:1    | Bought a scroll of enchant weapon for 105 gold pieces
 26955 | Orc:1    | Bought a scroll of identify for 28 gold pieces
 26955 | Orc:1    | Bought a scroll of magic mapping for 49 gold pieces
 27031 | Orc:2    | Entered Level 2 of the Orcish Mines
 27188 | Orc:2    | Reached skill level 10 in Axes
 27885 | Orc:2    | Found Numidar's Antique Armour Boutique.
 27885 | Orc:2    | Found Xuis's Book Shoppe.
 27887 | Orc:2    | Found Nynuarat's Antique Weapon Emporium.
 27889 | Orc:2    | Found Xynoirphe's Assorted Antiques.
 27905 | Orc:2    | Bought a scroll of identify for 62 gold pieces
 27905 | Orc:2    | Bought a scroll of identify for 62 gold pieces
 27905 | Orc:2    | Bought a potion of curing for 93 gold pieces
 27905 | Orc:2    | Bought a scroll of identify for 62 gold pieces
 27905 | Orc:2    | Bought a scroll of enchant weapon for 232 gold pieces
 28113 | Orc:2    | Found a staircase to the Elven Halls.
 28485 | Orc:1    | Noticed Maurice
 28492 | Orc:1    | Killed Maurice
 28529 | Orc:1    | Found Xudaw's Antique Armour Shop.
 28610 | Orc:1    | Found a burning altar of Makhleb.
 28674 | Orc:1    | Bought a pair of embroidered gloves for 187 gold pieces
 28674 | Orc:1    | Bought a glowing scale mail for 175 gold pieces
 28811 | Orc:1    | Found Mibidaoc's Jewellery Shoppe.
 28837 | Orc:1    | Identified the +1 executioner's axe "Spiderslayer" {vorpal,
                  | Will+} (Okawaru gifted it to you on level 1 of the Orcish
                  | Mines)
 28837 | Orc:1    | Received a gift from Okawaru
 29555 | D:11     | Noticed Gastronok
 29577 | D:11     | Killed Gastronok
 29839 | D:11     | Found a runed translucent gate.
 29840 | D:11     | Found a runed translucent gate.
 29841 | D:11     | Found a runed translucent gate.
 29842 | D:11     | Noticed snackwell's ghost (journeyman TrMo)
 29874 | D:11     | Killed snackwell's ghost
 30068 | D:11     | Noticed Snorg
 30084 | D:11     | Killed Snorg
 30315 | D:11     | Noticed Fannar
 30347 | D:11     | Killed Fannar
 31035 | D:12     | Reached XP level 15. HP: 56/145 MP: 7/20
 31616 | D:12     | Received a gift from Okawaru
 31912 | D:12     | Identified the +5 kite shield "Deara" {Rampage rC- Str+3
                  | Slay+2}
 32008 | D:13     | Reached skill level 15 in Axes
 32726 | D:13     | Found a gate to the Vaults.
 32863 | D:14     | Found Davucyr's Antique Weapon Shoppe.
 32890 | D:14     | Found a frozen archway.
 32895 | IceCv    | Entered an ice cave
 33020 | IceCv    | HP: 7/148 [ice dragon/blast of cold (23)]
 33029 | IceCv    | Reached skill level 1 in Long Blades
 33721 | IceCv    | Reached ****** piety under Okawaru
 33753 | IceCv    | Noticed a frost giant
 33765 | IceCv    | Killed a frost giant
 34016 | IceCv    | Noticed a frost giant
 34031 | IceCv    | Killed a frost giant
 34032 | IceCv    | Reached skill level 5 in Shields
 34042 | IceCv    | Identified the +1 ring mail of Okawaru's Outrage {rN+ Str+3
                  | Stlth-} (Okawaru gifted it to you in an ice cave)
 34042 | IceCv    | Received a gift from Okawaru
 34108 | IceCv    | Noticed a frost giant
 34120 | IceCv    | Killed a frost giant
 34744 | D:14     | Found a flickering gateway to a bazaar.
 34779 | D:14     | Reached XP level 16. HP: 131/158 MP: 2/21
 34899 | D:14     | Found Taegy's Weapon Shop.
 35096 | D:14     | Reached skill level 10 in Dodging
 35290 | D:14     | Found Aduwusticlu's Distillery.
 35293 | D:14     | Got the Almanac of Conjuration
 35299 | D:14     | Bought a potion of haste for 150 gold pieces
 35299 | D:14     | Bought a potion of heal wounds for 75 gold pieces
 35299 | D:14     | Bought a potion of might for 60 gold pieces
 35299 | D:14     | Bought 2 potions of haste for 300 gold pieces
 35299 | D:14     | Bought a potion of mutation for 120 gold pieces
 35299 | D:14     | Bought a potion of flight for 45 gold pieces
 35832 | D:14     | Found Upa Kuud's Antique Armour Boutique.
 35893 | D:14     | Identified the +5 shortbow of Mastery {freeze, Will+ Dex+5}
 36085 | D:15     | Entered Level 15 of the Dungeon
 36273 | D:15     | Found a staircase to the Depths.
 36465 | D:15     | Reached skill level 6 in Shields
 37232 | D:15     | Found a portal to a secret trove of treasure.
 37737 | Spider:1 | Entered Level 1 of the Spider Nest
 38383 | Spider:1 | Found a runed translucent gate.
 38383 | Spider:1 | Found a runed translucent gate.
 38383 | Spider:1 | Found a runed translucent gate.
 38384 | Spider:1 | Noticed Vubreenic's ghost (adept CeHu)
 38419 | Spider:1 | Received a gift from Okawaru
 38436 | Spider:1 | Killed Vubreenic's ghost
 38437 | Spider:1 | Reached skill level 7 in Shields
 38618 | Spider:1 | Reached skill level 10 in Invocations
 39209 | Spider:2 | Reached skill level 8 in Shields
 39420 | Spider:2 | Reached skill level 9 in Shields
 39573 | Spider:2 | Reached skill level 10 in Shields
 39806 | Spider:2 | Identified the +11 plate armour "Aggaomm" {rF+ Int+3}
                  | (Okawaru gifted it to you on level 2 of the Spider Nest)
 39806 | Spider:2 | Received a gift from Okawaru
 39807 | Spider:2 | Reached skill level 11 in Shields
 40372 | Spider:2 | Reached skill level 12 in Shields
 40529 | Spider:3 | HP: 3/160 [disintegration (26)]
 40879 | Spider:3 | Noticed Azrael
 40959 | Spider:3 | Killed Azrael
 41130 | Spider:3 | Noticed Agnes
 41138 | Spider:2 | Reached skill level 13 in Shields
 41384 | Spider:3 | Killed Agnes
 41498 | Spider:3 | Reached skill level 14 in Shields
 41512 | Spider:3 | Noticed Asterion
 41567 | Spider:3 | Killed Asterion
 41568 | Spider:3 | Reached XP level 17. HP: 153/167 MP: 11/23
 41688 | Spider:3 | Noticed Arachne
 41712 | Spider:3 | Killed Arachne
 41713 | Spider:3 | Reached skill level 15 in Shields
 42166 | Spider:3 | Reached skill level 16 in Shields
 42557 | Spider:4 | Entered Level 4 of the Spider Nest
 42610 | Spider:4 | Noticed Louise
 42665 | Spider:3 | Reached skill level 17 in Shields
 43569 | Spider:3 | Killed from afar by a meliai

Illustrated notes

Levels and vault maps discovered:
D:1:      amcnicky_arrival_single_pillar, layout_basic,
          chequers_ecumenical_altar_simple_redux,
          minmay_misc_feat_secret_circle, hangedman_glass_teeth,
          minmay_misc_feat_doors
D:2:      layout_basic, minmay_tiny_reverse_x
D:3:      layout_loops_cross, mainiacjoe_overflow_alcove_1, serial_shops,
          nicolae_shop_temple_entry_statues_fountains, serial_bayou,
          serial_bayou_ford_a, serial_bayou_pond_a, serial_bayou_shore_b,
          serial_bayou_lake_a, kennysheep_path_1
D:4:      layout_rooms, minmay_temple_entry_proselytizer
D:5:      lemuel_castle_with_subvaults [lemuel_castle_interior_carwin_1],
          layout_basic, mainiacjoe_overflow_surrounded_room, uniq_duvessa
D:6:      layout_basic, gup_sewer_entry_glass
D:7:      layout_layer_cave, uniq_crazy_yiuf_cottage
D:8:      layout_loops_corners, lair_entry_dummy, moated_statue,
          fungi_pond_lemuel
D:9:      layout_cave_pools, serial_shops, nicolae_stop_n_shop_2, serial_undead,
          serial_undead_a, serial_undead_b, serial_undead_e, serial_undead_a,
          serial_undead_c, serial_undead_c, serial_undead_a, serial_undead_c
D:10:     layout_stronghold, david_orc_5, serial_column_ruins,
          column_ruins_corridor_straight, column_ruins_open_medium,
          column_ruins_open_tiny, column_ruins_grid_1, column_ruins_grid_1,
          hangedman_incinerator
D:11:     kennysheep_big_flooded_room, layout_stronghold,
          gammafunk_ghost_nasty_kobolds, minmay_variable_closet, uniq_fannar,
          uniq_snorg, uniq_gastronok
D:12:     minmay_wavy_crystal, layout_rooms, minivault_7
D:13:     layout_cave_pools, hangedman_vaults_entry_quadrant_bands
D:14:     layout_basic, serial_shops, bzr_entry_islet, nicolae_stop_n_shop_2,
          nicolae_lakefront_shop, nicolae_shop_waterfront, shop_statue,
          portal_ice_cave_entry_pillars_four, serial_bayou_pond_c
D:15:     grunt_enter_depths_hoard, layout_gridville,
          hangedman_abyss_or_decor_stabs, enter_trove_2
Temple:   mainiacjoe_temple_cubbyholes
Lair:1:   dpeg_oklob_gauntlet, layout_regular_city
Lair:2:   layout_cave_pods, gammafunk_ghost_ooze
Lair:3:   layout_cave_pods, nicolae_spider_entry_tight_spaces
Lair:4:   layout_regular_city, nicolae_swamp_entry_splash_gauntlet,
          gammafunk_ghost_wrathful_warriors, grunt_megastairs_5,
          lemuel_fruit_fields
Lair:5:   regret_index_combs_of_tragedy, layout_hall_layers,
          minmay_slime_entry_oklob_enclosed
Lair:6:   guppyfry_lair_end_dragon, layout_gridlike, grunt_megastairs_3,
          infiniplex_staircase_pool_2
Spider:1: layout_spider_delve, gammafunk_ghost_split, drop_trap
Spider:2: layout_spider_delve, hangedman_spider_tarantella_strand
Spider:3: nicolae_orb_stairs_large, nicolae_spider_cling_halls, uniq_asterion,
          uniq_agnes, uniq_azrael, uniq_arachne
Spider:4: grunt_spider_rune_circles, nicolae_spider_not_touching_you,
          uniq_louise
Orc:1:    layout_diamond_mine, serial_shops, nicolae_shop_trees, shop,
          nicolae_square_shop, bloody_makhleb, uniq_maurice, uniq_josephine
Orc:2:    st_orc_rangers, layout_diamond_mine

Skill      XL: |  1  2  3  4  5  6  7  8  9 10 11 12 13 14 15 16 17 |
---------------+----------------------------------------------------+-----
Shields        | 4 5 14 17 | 17.5
Maces & Flails | 3 5 6 7 9 11 13 14 | 14.0
Fighting       | 4 6 7 9 11 12 13 14 | 14.3
Invocations    | 1 3 5 7 8 9 10 | 10.0
Dodging        | 3 5 7 9 10 11 | 11.1
Armour         | 5 7 9 10 12 13 | 13.6
Evocations     | 2 4 6 7 11 12 | 12.0
Axes           | 2 13 15 | 15.9
Long Blades    | 3 4 |  4.1

Action                   |  1- 3 |  4- 6 |  7- 9 | 10-12 | 13-15 | 16-18 || total
-------------------------+-------+-------+-------+-------+-------+-------++-------
Melee: Flail             |   105 |    59 |   485 |   435 |   712 |       ||  1796
       Headbutt          |    11 |    10 |   105 |   145 |   344 |   118 ||   733
       Hand axe          |       |       |       |   164 |       |       ||   164
       Broad axe         |       |       |       |       |   702 |   585 ||  1287
       Scimitar          |       |       |       |       |     6 |     4 ||    10
       Punch             |       |       |       |       |       |     1 ||     1
Throw: Dart              |     2 |       |     3 |    22 |       |     1 ||    28
Invok: Heroism           |       |       |     1 |     9 |    12 |     4 ||    26
       Finesse           |       |       |       |     5 |     8 |     2 ||    15
Evoke: Wand              |       |       |       |       |       |     1 ||     1
  Use: Scroll            |       |       |    14 |     1 |    18 |     3 ||    36
       Potion            |       |       |     4 |     1 |     3 |     8 ||    16
Armor: Scale mail        |    66 |    30 |   205 |   219 |   113 |   180 ||   813
       Chain mail        |       |       |       |       |   497 |    57 ||   554
       Ice dragon scales |       |       |       |       |    91 |    15 ||   106
       Plate armour      |       |       |       |       |       |   176 ||   176
Dodge: Dodged            |    48 |    23 |   157 |   401 |   887 |   305 ||  1821
Block: Buckler           |    18 |    20 |   108 |   178 |   384 |   101 ||   809
       Kite shield       |       |       |       |       |       |    93 ||    93
